 Dungeon Crawl Stone Soup version 0.29-a0-243-g602b31c20e (webtiles) character file.

Game seed: 3857710792007262068

155470 Strat the Peltast (level 17, -1/99 (106) HPs)
             Began as a Tengu Air Elementalist on Mar 2, 2022.
             Was a High Priest of Vehumet.
             Slain by a thorn hunter (13 damage)
             ... on level 4 of the Swamp on Mar 4, 2022.
             The game lasted 02:32:01 (45550 turns).

Strat the Peltast (Tengu Air Elementalist)         Turns: 45550, Time: 02:32:03

HP:   -1/99 (106)   AC: 15    Str:  9    XL:     17   Next: 65%
MP:   7/32          EV: 22    Int: 23    God:    Vehumet [*****.]
Gold: 2603          SH: 15    Dex: 22    Spells: 6/37 levels left

rFire   + + .      SeeInvis .   a - +7 broad axe "Xaoba" {venom, Str+4}
rCold   + . .      Faith    .   V - +0 kite shield {rF+}
rNeg    . . .      Spirit   .   h - +0 swamp dragon scales
rPois   +          Reflect  .   w - +0 hat
rElec   .          Harm     .   d - +2 cloak {Will+}
rCorr   .          Rampage  .   q - +2 pair of gloves
Will    +++..                   (boots unavailable)
Stlth   ++++......              E - amulet of the acrobat
HPRegen 0.26/turn               s - ring "Jell" {rF+ rC+ Will+ Str-3 Dex+6}
MPRegen 0.23/turn               c - +4 ring of evasion

@: flying quickly and evasively, slightly contaminated, drained, quick
A: beak, talons 3, nimble flight
a: Renounce Religion


You were on level 4 of the Swamp.
You worshipped Vehumet.
Vehumet was extremely pleased with you.
You visited 4 branches of the dungeon, and saw 27 of its levels.
You visited 1 bazaar.
You also visited: Ossuary, Bailey and Volcano.

You collected 4209 gold pieces.
You spent 1606 gold pieces at shops.

Inventory:

Hand Weapons
 a - the +7 broad axe "Xaoba" (weapon) {venom, Str+4}
   (You took it off an orc warrior in a bailey)

   It poisons the flesh of those it strikes.
   Str:       It affects your strength (+4).
 N - a +4 scimitar of flaming
Missiles
 n - 14 boomerangs of dispersal
 t - 19 curare-tipped darts
 v - 4 throwing nets
Armour
 d - a +2 cloak of willpower (worn)
 h - +0 swamp dragon scales (worn)
 q - a +2 pair of gloves (worn)
 w - a +0 hat (worn)
 G - +2 steam dragon scales
 V - a +0 kite shield of fire resistance (worn)
Jewellery
 c - a +4 ring of evasion (right hand)
 e - a ring of poison resistance
 i - a +4 ring of protection
 j - a ring of resist corrosion
 k - a ring of willpower
 s - the ring "Jell" (left hand) {rF+ rC+ Will+ Str-3 Dex+6}
   (You took it off a centaur warrior on level 13 of the Dungeon)

   [ring of protection from cold]

   Str:       It affects your strength (-3).
   Dex:       It affects your dexterity (+6).
   rF:        It protects you from fire.
   rC:        It protects you from cold.
   Will:      It increases your willpower.
 x - a +4 ring of protection
 C - a ring of see invisible
 E - an amulet of the acrobat (around neck)
 Q - a +4 ring of evasion
Wands
 o - a wand of polymorph (29)
 B - a wand of paralysis (15)
 D - a wand of charming (1)
 J - a wand of flame (32)
 M - a wand of iceblast (2)
 O - a wand of digging (7)
Scrolls
 b - 3 scrolls of holy word
 f - 14 scrolls of identify
 y - a scroll of brand weapon
 H - 2 scrolls of amnesia
 K - a scroll of teleportation
 L - a scroll of fog
 P - 2 scrolls of silence
Potions
 g - 2 potions of invisibility
 l - 2 potions of ambrosia
 m - 7 potions of lignification
 p - 5 potions of mutation
 z - a potion of resistance
 A - 2 potions of might
 F - a potion of berserk rage
 I - 5 potions of brilliance
 T - 3 potions of haste
 Y - a potion of magic


   Skills:
 - Level 12.0 Fighting
 + Level 12.6 Axes
 - Level 5.0 Armour
 - Level 10.0 Dodging
 - Level 8.0 Stealth
 - Level 15.0 Shields
 + Level 10.5 Spellcasting
 - Level 12.0 Conjurations
 - Level 9.5 Summonings
 - Level 3.0 Transmutations
 - Level 4.0 Fire Magic
 - Level 5.0 Ice Magic
 - Level 10.0 Air Magic
 - Level 3.0 Poison Magic


You had 6 spell levels left.
You knew the following spells:

 Your Spells              Type           Power      Damage    Failure   Level
a - Shock                 Conj/Air       100%       1d9       1%          1
b - Static Discharge      Conj/Air       58%        N/A       1%          2
c - Swiftness             Air            55%        N/A       1%          3
d - Irradiate             Conj/Tmut      23%        3d21      9%          5
e - Mephitic Cloud        Conj/Pois/Air  50%        N/A       1%          3
f - Summon Lightning Spi  Summ/Air       54%        N/A       4%          4
g - Ignite Poison         Fire/Tmut/Pois 27%        N/A       5%          3
h - Freezing Cloud        Conj/Ice/Air   26%        6-21      4%          5
i - Lightning Bolt        Conj/Air       29%        1d45      2%          5

Your spell library contained the following spells:

 Spells                   Type           Power      Damage    Failure   Level
 Ignition                 Fire           15%        3d6       100%        8
 Conjure Flame            Conj/Fire      48%        6-21      1%          3
 Stone Arrow              Conj/Erth      78%        3d11      1%          3
 Airstrike                Air            27%        N/A       1%          4
 Flame Wave               Conj/Fire      48%        2d10      2%          4
 Sticky Flame             Conj/Fire      48%        2d7       2%          4
 Wereblood                Tmut           25%        N/A       11%         2
 Ensorcelled Hibernation  Hex/Ice        46%        N/A       13%         2
 Passwall                 Tmut/Erth      15%        N/A       21%         2
 Animate Armour           Summ/Erth      68%        N/A       34%         4
 Sublimation of Blood     Necr           12%        N/A       36%         2
 Iron Shot                Conj/Erth      19%        9d4       58%         6
 Animate Dead             Necr           6%         N/A       94%         4
 Orb of Destruction       Conj           30%        9d10      36%         7
 Summon Hydra             Summ           27%        N/A       99%         7
 Haunt                    Necr/Summ      17%        N/A       100%        7
 Malign Gateway           Summ/Tloc      17%        N/A       100%        7
 Borgnjor's Revivificati  Necr           6%         N/A       100%        8
 Infestation              Necr           6%         N/A       100%        8
 Lehudib's Crystal Spear  Conj/Erth      19%        10d6      100%        8
 Necromutation            Tmut/Necr      9%         N/A       100%        8
 Summon Horrible Things   Summ           27%        N/A       100%        8
 Death's Door             Necr           6%         N/A       100%        9


Dungeon Overview and Level Annotations

Branches:
Dungeon (15/15)            Temple (0/1) D:5            Lair (6/6) D:11
  Swamp (4/4) Lair:2        Snake (0/4) Lair:3        Slime (0/5) Lair:5
    Orc (2/2) D:9             Elf (0/3) Orc:2        Vaults (0/5) D:13
 Depths (0/4) D:15        Ossuary (visited)          Bailey (visited)
Volcano (visited)

Altars:
Ashenzari
Fedhas
Hepliaklqana
Makhleb
Okawaru
Qazlal
Ru
Trog
Uskayaw
Vehumet
Zin
Beogh

Shops:
D:2 :   D:11 *   Orc:2 =([[

Annotations:
D:5 Dowan, Duvessa
D:6 7 runed translucent doors, Destinykillz's ghost, novice DrAE
D:11 1 runed translucent door, Niklacot's ghost, journeyman DjFE
Lair:3 1 exclusion
Swamp:2 Roxanne
Swamp:3 2 transporters, dolemite99's ghost, adept GnAM


Innate Abilities, Weirdness & Mutations

You have a beak for a mouth.
You have claws for feet.
Your magical nature lets you fly swiftly and evasively.


Message History

Confirm with . or Enter, or press ? or * to list all spells.
You can't see any susceptible monsters within range! (Use Z to cast anyway.)
Casting: Irradiate (dangerous; 9% risk of failure)
Confirm with . or Enter, or press ? or * to list all spells.
You erupt in a fountain of uncontrolled magic!
Something is blasted with magical radiation!
You are lightly contaminated with residual magic.
Something draws life force from you!!
* * * LOW HITPOINT WARNING * * *
As you read the scroll of teleportation, it crumbles to dust.
You feel strangely unstable. Something closely misses you. Something bites you.
* * * LOW HITPOINT WARNING * * *
Something draws strength from your injuries!
Something hits you!!
* * * LOW HITPOINT WARNING * * *
Something bites you but does no damage.
You feel much better. Something hits you!!
* * * LOW HITPOINT WARNING * * *
Something bites you but does no damage. Something hits you.
* * * LOW HITPOINT WARNING * * *
Something misses you.
You feel better. You block something's attack. Something closely misses you.
Casting: Irradiate (dangerous; 9% risk of failure)
Confirm with . or Enter, or press ? or * to list all spells.
You can't see any susceptible monsters within range! (Use Z to cast anyway.)
Casting: Irradiate (dangerous; 9% risk of failure)
Confirm with . or Enter, or press ? or * to list all spells.
You erupt in a fountain of uncontrolled magic!
Something is blasted with magical radiation!!
You are contaminated with residual magic.
Something misses you. You block something's attack.
Something draws life force from you!
* * * LOW HITPOINT WARNING * * *
You feel less contaminated with magical energies.
You feel better.
Your surroundings suddenly seem different.
A shambling mangrove, 2 spriggan druids, 5 plants and a death drake zombie come into view.
Found a decaying rune of Zot.
Found a blossoming altar of Fedhas.
The thorn hunter hits you!
You die...

♣♣..# ♣≈### .♣ .##
.♣### ## #♣ ≈...##
#. f.♣..## ##i
..≈≈.≈# .≈
#P.♣.Pv.... ..
#♣f.f_Z...♣ ♣♣..
#.≈@i......
#♣♣♣♣.≈≈
#........ZP
#≈≈≈.≈≈.
###......##
#≈≈≈.≈≈.
###φ#######≈≈≈≈§.≈
## ###..≈.≈≈.♣≈
###...≈≈≈≈≈≈.≈
#≈≈♣♣♣...≈≈≈≈≈
♣♣♣♣♣...≈.≈..≈
♣........≈


You could see 2 thorn hunters, a shambling mangrove (wandering), 3 oklob plants,
2 spriggan druids, a will-o-the-wisp, a death drake zombie (wandering) and a
swamp dragon zombie.

Vanquished Creatures
  Bai Suzhen (Swamp:3)
  Nikola (Swamp:3)
  A thorn hunter (Swamp:3)
  An orc warlord (Orc:2)
  10 eleionomae
  A dire elephant (D:15)
  2 bunyips
  An ettin (Orc:1)
  2 shambling mangroves
  3 fire dragons
  Fannar (D:12)
  A yaktaur captain (D:13)
  5 boulder beetles
  16 hydras
  A merfolk avatar (Lair:6)
  8 vault guards (D:13)
  11 two-headed ogres
  An ogre mage (D:15)
  A spriggan air mage (Swamp:4)
  7 centaur warriors
  A ghost crab (Swamp:4)
  7 alligators
  A death knight (D:13)
  8 death yaks (Lair:4)
  Erica (D:11)
  An orc high priest (Orc:2)
  Nergalle (D:12)
  Sonja (Lair:6)
  A shadow wraith (D:13)
  A fire crab (Lair:5)
  3 skeletal warriors
  8 spriggans
  A sea snake (Lair:6)
  4 spriggan druids
  5 goliath frogs
  4 swamp dragons
  A glowing orange brain (D:13)
  A spectral hydra (Swamp:4)
  4 bog bodies
  A lindwurm (Lair:4)
  2 harpies
  8 orc knights
  3 deep elf pyromancers (D:13)
  4 orc sorcerers
  A wolf spider (shapeshifter) (D:13)
  12 ugly things
  4 salamanders
  5 will-o-the-wisps
  An oklob plant (Orc:1)
  6 cyclopes
  6 elephants (Lair:6)
  7 manticores
  5 black mambas
  A torpor snail (Lair:2)
  5 cane toads
  3 gargoyles
  7 rime drakes
  A yaktaur (D:15)
  2 kobold demonologists (D:13)
  16 komodo dragons
  3 unseen horrors
  An efreet (D:13)
  2 tengu conjurers (D:13)
  8 trolls
  2 hydra zombies (Swamp:4)
  Prince Ribbit (D:9)
  A meliai (D:13)
  A troll (shapeshifter) (D:14)
  8 tyrant leeches
  A bloated husk (Swamp:3)
  A wolf spider simulacrum (D:14)
  12 hornets
  A polar bear (Lair:5)
  A death drake skeleton (Swamp:4)
  13 slime creatures (D:13)
  30 blink frogs
  4 wraiths
  2 shadows
  14 wyverns
  30 yaks
  2 basilisks
  6 fire bats (Volcano)
  11 vampire mosquitoes
  9 steam dragons
  Menkaure (D:4)
  11 swamp worms
  2 hell hounds (Lair:4)
  6 wargs
  A naga (Lair:3)
  A hydra simulacrum (Swamp:4)
  13 water moccasins
  27 orc warriors
  5 swamp drakes
  2 ice beasts
  A swamp dragon zombie (Swamp:4)
  A black bear (D:6)
  8 wolves
  15 centaurs
  13 ogres
  2 swamp dragon skeletons (Swamp:4)
  10 kobold brigands
  An elf zombie (Ossuary)
  19 bullfrogs
  2 gnoll sergeants
  A scorpion (D:5)
  4 wights (D:8)
  8 killer bees
  3 howler monkeys (D:10)
  5 electric eels
  A human zombie (Ossuary)
  7 hounds
  13 jellies
  18 orc priests
  4 iguanas
  Jessica (D:3)
  24 orc wizards
  3 mummies (Ossuary)
  5 adders
  19 gnolls
  A shadow imp (D:8)
  3 ufetubi
  2 adder zombies (Ossuary)
  2 dart slugs (D:3)
  98 orcs
  8 endoplasms
  2 giant cockroaches (D:1)
  8 hobgoblins
  2 jackals (D:3)
  47 kobolds
  8 quokkas
  8 ball pythons
  3 bats
  2 frilled lizards (D:3)
  10 goblins
  3 goblin zombies (Ossuary)
  3 hobgoblin zombies (Ossuary)
  2 kobold zombies (Ossuary)
  An orc zombie (Ossuary)
  A quokka zombie (Ossuary)
  4 rats
  4 rat zombies (Ossuary)
872 creatures vanquished.

Vanquished Creatures (collateral kills)
  A hydra (Swamp:4)
  A swamp dragon (Swamp:4)
  A swamp worm (Swamp:3)
  An orc warrior (D:6)
4 creatures vanquished.

Vanquished Creatures (others)
  A bloated husk (Swamp:4)
  A steam dragon (Volcano)
  An orc warrior (Bailey)
  An ogre (Volcano)
  3 orcs
  A bush (Lair:4)
  12 foxfires
  51 fungi
  202 plants
273 creatures vanquished.

Grand Total: 1149 creatures vanquished

Notes
Turn   | Place    | Note
-------+----------+-------------------------------------------
     0 | D:1      | Strat the Tengu Air Elementalist began the quest for the
                  | Orb.
     0 | D:1      | Reached XP level 1. HP: 10/10 MP: 4/4
   242 | D:1      | Reached XP level 2. HP: 15/15 MP: 4/6
   840 | D:1      | Learned a level 2 spell: Static Discharge
  1118 | D:1      | Found a faded altar of an unknown god.
  1242 | D:2      | Reached XP level 3. HP: 19/19 MP: 5/7
  1271 | D:2      | Found Guatuum's Book Shop.
  1441 | D:2      | Learned a level 3 spell: Swiftness
  1681 | D:2      | Reached skill level 5 in Air Magic
  2483 | D:3      | Noticed Jessica
  3090 | D:3      | Reached XP level 4. HP: 24/24 MP: 3/8
  3161 | D:3      | Killed Jessica
  3503 | D:3      | Found a hide-covered altar of Uskayaw.
  4100 | D:4      | Found an iron altar of Okawaru.
  4203 | D:4      | Gained mutation: Your magical nature lets you fly swiftly
                  | and evasively. [Tengu growth]
  4203 | D:4      | Reached XP level 5. HP: 14/28 MP: 4/9
  4377 | D:4      | Found a hazy altar of Hepliaklqana.
  4390 | D:4      | Noticed an ice beast
  4636 | D:4      | Found a radiant altar of Vehumet.
  4750 | D:4      | Became a worshipper of Vehumet
  4839 | D:4      | Noticed an ogre
  5313 | D:4      | Reached skill level 5 in Conjurations
  5313 | D:4      | Reached XP level 6. HP: 32/32 MP: 6/10
  5512 | D:4      | Noticed Menkaure
  5566 | D:5      | Entered Level 5 of the Dungeon
  5574 | D:5      | Found a sand-covered staircase.
  5591 | Ossuary  | Entered an ossuary
  5597 | Ossuary  | Reached skill level 1 in Fighting
  6427 | D:5      | Found a staircase to the Ecumenical Temple.
  6445 | D:5      | Reached XP level 7. HP: 21/40 MP: 2/11
  6666 | D:5      | Noticed Dowan
  6667 | D:5      | Noticed Duvessa
  7185 | D:4      | Killed Menkaure
  7753 | D:5      | Learned a level 4 spell: Airstrike
  7767 | D:5      | Reached skill level 5 in Dodging
  7778 | D:5      | Reached * piety under Vehumet
  7778 | D:5      | Offered knowledge of Sandblast by Vehumet.
  8123 | D:5      | Reached XP level 8. HP: 39/48 MP: 3/12
  8964 | D:6      | Found a runed translucent gate.
  8964 | D:6      | Noticed Destinykillz's ghost (novice DrAE)
  8965 | D:6      | Found a runed translucent gate.
  8966 | D:6      | Found a runed translucent gate.
  9191 | D:6      | Found a large runed translucent door.
  9191 | D:6      | Found a large runed translucent door.
  9195 | D:6      | Noticed a yak
  9196 | D:6      | Found the +7 lajatang of Order {silver, rMut}
  9215 | D:6      | Noticed a yak
  9227 | D:6      | Noticed an eight-headed hydra
  9337 | D:6      | Found a large runed translucent door.
  9337 | D:6      | Found a large runed translucent door.
 10004 | D:6      | Killed a yak
 10005 | D:6      | Reached skill level 10 in Air Magic
 10005 | D:6      | Reached XP level 9. HP: 46/52 MP: 2/13
 10563 | D:7      | Found a stormy altar of Qazlal.
 11264 | D:7      | Found a glowing silver altar of Zin.
 12189 | D:8      | Found a flagged portal.
 12215 | Bailey   | Entered a bailey
 12288 | Bailey   | Offered knowledge of Magic Dart by Vehumet.
 12289 | Bailey   | Reached skill level 10 in Dodging
 12289 | Bailey   | Reached ** piety under Vehumet
 12290 | Bailey   | Reached skill level 5 in Spellcasting
 12501 | Bailey   | Reached XP level 10. HP: 54/57 MP: 13/18
 12558 | Bailey   | Identified the +5 triple sword of Gaamu {elec, rElec rC+}
 12724 | Bailey   | Identified the +7 broad axe "Xaoba" {venom, Str+4}
 12737 | Bailey   | Reached skill level 5 in Fighting
 12997 | Bailey   | Found an iron altar of Okawaru.
 13214 | D:8      | Reached skill level 1 in Shields
 13542 | D:9      | Reached skill level 2 in Shields
 13831 | D:9      | Reached skill level 5 in Stealth
 13858 | D:9      | Found a burning altar of Makhleb.
 13951 | D:9      | Noticed Prince Ribbit
 14011 | D:9      | Killed Prince Ribbit
 14011 | D:9      | Offered knowledge of Mephitic Cloud by Vehumet.
 14024 | D:9      | Learned a level 3 spell: Mephitic Cloud
 14062 | D:9      | Reached skill level 3 in Shields
 14730 | D:9      | Reached skill level 4 in Shields
 14744 | D:9      | Reached *** piety under Vehumet
 14748 | D:9      | Reached XP level 11. HP: 60/67 MP: 14/19
 15073 | D:9      | Reached skill level 5 in Shields
 15351 | D:9      | Found a staircase to the Orcish Mines.
 15409 | D:9      | Offered knowledge of Iskenderun's Mystic Blast by Vehumet.
 15545 | Orc:1    | Entered Level 1 of the Orcish Mines
 15646 | Orc:1    | Noticed a cyclops
 15707 | D:10     | Entered Level 10 of the Dungeon
 15852 | D:10     | Found a broken altar of Ashenzari.
 15852 | D:10     | Found a sacrificial altar of Ru.
 16201 | D:10     | Noticed a two-headed ogre
 16201 | D:10     | Noticed an ogre mage
 16338 | D:10     | Noticed a two-headed ogre
 16347 | D:10     | Killed a two-headed ogre
 17038 | D:10     | Noticed a two-headed ogre
 17096 | D:10     | Killed a two-headed ogre
 17201 | D:11     | Noticed Erica
 17285 | D:11     | Found Dininyil's Assorted Antiques.
 17288 | D:11     | Found a faded altar of an unknown god.
 17338 | D:11     | Reached skill level 10 in Fighting
 17338 | D:11     | Reached skill level 1 in Armour
 17450 | D:11     | Reached **** piety under Vehumet
 17547 | D:11     | Found a staircase to the Lair.
 17593 | D:11     | Killed Erica
 17628 | D:11     | Found a runed translucent door.
 17629 | D:11     | Noticed Niklacot's ghost (journeyman DjFE)
 18014 | D:12     | Noticed a six-headed hydra
 18061 | Lair:1   | Entered Level 1 of the Lair of Beasts
 18095 | Lair:1   | Offered knowledge of Lee's Rapid Deconstruction by Vehumet.
 18096 | Lair:1   | Reached skill level 5 in Armour
 18096 | Lair:1   | Reached skill level 1 in Axes
 18116 | Lair:1   | Identified the +5 flail of Unaeseck {venom, rPois rCorr
                  | Stlth-}
 18221 | Lair:1   | Reached XP level 12. HP: 77/77 MP: 20/20
 18240 | Lair:1   | Noticed a four-headed hydra
 18278 | Lair:1   | Noticed a four-headed hydra
 18784 | Lair:2   | Noticed a four-headed hydra
 18825 | Lair:2   | Found a staircase to the Swamp.
 18869 | Lair:2   | Reached skill level 5 in Axes
 19313 | Lair:2   | You are sucked into a shaft and drop 1 floor!
 19394 | Lair:3   | Noticed a six-headed hydra
 19567 | Lair:3   | Reached ***** piety under Vehumet
 19571 | Lair:3   | Offered knowledge of Orb of Destruction by Vehumet.
 19592 | Lair:3   | Learned a level 7 spell: Orb of Destruction
 19807 | Lair:3   | Found a staircase to the Snake Pit.
 19864 | Lair:3   | Noticed a boulder beetle
 19929 | Lair:2   | Killed a four-headed hydra
 20476 | Lair:4   | Noticed a death yak
 20477 | Lair:4   | Noticed a death yak
 20497 | Lair:4   | Noticed a death yak
 20497 | Lair:4   | Noticed a death yak
 20497 | Lair:4   | Noticed a death yak
 20499 | Lair:4   | Noticed a death yak
 20500 | Lair:4   | Noticed a death yak
 20544 | Lair:4   | Killed a death yak
 20553 | Lair:4   | Killed a death yak
 20554 | Lair:4   | Reached XP level 13. HP: 31/84 MP: 22/22
 20878 | Lair:4   | Found a dark tunnel.
 20894 | Volcano  | Entered a volcano
 21077 | Volcano  | Learned a level 3 spell: Ignite Poison
 21550 | Volcano  | Noticed a fire dragon
 21716 | Volcano  | Killed a fire dragon
 21844 | Lair:4   | Reached skill level 1 in Fire Magic
 22674 | Lair:5   | Reached skill level 1 in Poison Magic
 22727 | Lair:5   | Found a staircase to the Slime Pits.
 22926 | Lair:4   | Reached skill level 10 in Axes
 23146 | Lair:4   | Reached XP level 14. HP: 79/92 MP: 10/26
 23331 | Lair:5   | Offered knowledge of Freezing Cloud by Vehumet.
 23360 | Lair:4   | Learned a level 5 spell: Freezing Cloud
 23743 | Lair:5   | Reached skill level 10 in Conjurations
 23749 | Lair:5   | Reached skill level 1 in Ice Magic
 24013 | Lair:6   | Entered Level 6 of the Lair of Beasts
 24087 | Lair:6   | Reached skill level 1 in Transmutations
 24176 | Lair:6   | Noticed Sonja
 24900 | Lair:6   | Reached skill level 6 in Shields
 25314 | Lair:6   | Killed Sonja
 25670 | Lair:6   | Paralysed by a hornet for 1 turns
 25807 | Lair:6   | Identified the +4 rapier of Zualud {vorpal, Dex+5}
 25897 | Lair:6   | Identified the +8 plate armour "Biciss" {rN+}
 26221 | Lair:3   | Reached skill level 7 in Shields
 26767 | Orc:1    | Offered knowledge of Lightning Bolt by Vehumet.
 26777 | Orc:1    | Reached skill level 5 in Ice Magic
 27291 | Orc:1    | Reached skill level 8 in Shields
 27389 | Orc:2    | Entered Level 2 of the Orcish Mines
 28299 | Orc:2    | Reached skill level 9 in Shields
 29117 | Orc:2    | Reached XP level 15. HP: 82/96 MP: 21/28
 29332 | Orc:2    | Found a staircase to the Elven Halls.
 29627 | Orc:2    | Paralysed by an orc sorcerer for 4 turns
 29656 | Orc:2    | Reached skill level 10 in Shields
 29917 | Orc:2    | Noticed an orc warlord
 29943 | Orc:2    | Killed an orc warlord
 30138 | Orc:2    | Found Ocauh's Antique Weapon Boutique.
 30140 | Orc:2    | Found Faschi Daupn's Antique Armour Shop.
 30428 | Orc:2    | Found Yfaeqis's Jewellery Emporium.
 30435 | Orc:2    | Bought a +4 ring of protection for 504 gold pieces
 30794 | Orc:2    | Reached skill level 11 in Shields
 30802 | Orc:2    | Found Boahyqyt's Antique Armour Shop.
 31491 | D:12     | Noticed Nergalle
 31511 | D:12     | Killed Nergalle
 31740 | D:12     | Noticed Fannar
 31787 | D:12     | Killed Fannar
 32399 | D:12     | Reached skill level 12 in Shields
 32653 | D:13     | Found a flickering gateway to a bazaar.
 32666 | Bazaar   | Entered a bazaar
 32697 | Bazaar   | Found Kussec's Distillery.
 32713 | Bazaar   | Found Gilinel's Book Emporium.
 32729 | Bazaar   | Found Riyruoll's Distillery.
 32729 | Bazaar   | Found Geotwesch's Assorted Antiques.
 32734 | Bazaar   | Bought a glowing cloak for 142 gold pieces
 32734 | Bazaar   | Bought a scroll of enchant armour for 142 gold pieces
 32734 | Bazaar   | Bought a scroll of teleportation for 57 gold pieces
 32753 | Bazaar   | Bought a potion of heal wounds for 45 gold pieces
 32753 | Bazaar   | Bought a potion of heal wounds for 45 gold pieces
 32753 | Bazaar   | Bought a potion of heal wounds for 45 gold pieces
 32753 | Bazaar   | Bought a potion of haste for 90 gold pieces
 32753 | Bazaar   | Bought a potion of curing for 27 gold pieces
 32764 | Bazaar   | Found Hyxanlipon's Weapon Emporium.
 32764 | Bazaar   | Found Dufreigg's Magic Scroll Shoppe.
 32769 | Bazaar   | Bought a scroll of teleportation for 33 gold pieces
 32835 | Bazaar   | Bought a Grand Grimoire for 476 gold pieces
 32846 | Bazaar   | Learned a level 7 spell: Malign Gateway
 32913 | D:13     | Reached skill level 1 in Summonings
 33082 | D:13     | Reached ****** piety under Vehumet
 33090 | D:13     | Offered knowledge of Starburst by Vehumet.
 33309 | D:13     | Identified the ring "Jell" {rF+ rC+ Will+ Str-3 Dex+6}
 33323 | D:13     | Identified the +1 chain mail of the Gusle {rCorr SInv}
 33563 | D:13     | Reached skill level 5 in Summonings
 33995 | D:13     | Reached skill level 13 in Shields
 34468 | D:13     | Identified the +2 helmet of the Pits of Slime {rElec MP+9
                  | Int-3 Dex+7}
 34759 | D:13     | Reached XP level 16. HP: 101/101 MP: 26/29
 35392 | D:13     | Found a gate to the Vaults.
 35896 | D:13     | Learned a level 8 spell: Summon Horrible Things
 36633 | D:15     | Entered Level 15 of the Dungeon
 36689 | D:15     | Found a staircase to the Depths.
 36779 | D:15     | Reached skill level 14 in Shields
 36993 | D:15     | Offered knowledge of Irradiate by Vehumet.
 37325 | D:15     | Learned a level 5 spell: Irradiate
 38565 | Swamp:1  | Entered Level 1 of the Swamp
 39248 | Swamp:1  | Learned a level 4 spell: Summon Lightning Spire
 39254 | Swamp:1  | Learned a level 5 spell: Lightning Bolt
 39633 | Swamp:2  | Reached skill level 15 in Shields
 39880 | Swamp:1  | Offered knowledge of Conjure Ball Lightning by Vehumet.
 40601 | Swamp:2  | Got the Compendium of Conjuration and Ignition
 40631 | Swamp:2  | Identified Roxanne's Incunabulum of Transmutation
 40631 | Swamp:2  | Noticed Roxanne
 41275 | Swamp:3  | Noticed a thorn hunter
 41280 | Swamp:3  | Killed a thorn hunter
 41285 | Swamp:3  | Noticed Nikola
 41286 | Swamp:3  | Reached XP level 17. HP: 104/106 MP: 10/30
 41301 | Swamp:3  | Killed Nikola
 41312 | Swamp:3  | Noticed Bai Suzhen
 41765 | Swamp:3  | Noticed dolemite99's ghost (adept GnAM)
 41775 | Swamp:3  | Found a bloodstained altar of Trog.
 41782 | Swamp:3  | Found a transporter.
 41786 | Swamp:3  | Found a transporter.
 42361 | Swamp:4  | Entered Level 4 of the Swamp
 42866 | Swamp:3  | Killed Bai Suzhen
 43547 | Swamp:4  | Reached skill level 10 in Spellcasting
 43798 | Swamp:3  | Upgraded the game from 0.29-a0-234-g0dae59b3db to
                  | 0.29-a0-243-g602b31c20e
 44186 | Swamp:4  | Offered knowledge of Ignition by Vehumet.
 45550 | Swamp:4  | Found a blossoming altar of Fedhas.
 45550 | Swamp:4  | Slain by a thorn hunter

Illustrated notes

Levels and vault maps discovered:
D:1:      lightli_arrival_noodles, layout_loops_cross,
          shapermc_ecumenical_altar_flowoftime, chequers_garden
D:2:      layout_basic, serial_shops, shop, minmay_pentomino_r2
D:3:      layout_basic, nicolae_uskayaw_suspiria, serial_bayou,
          serial_bayou_pond_a, serial_bayou_pond_b, serial_bayou_pond_c,
          serial_bayou_shore_b, uniq_jessica
D:4:      layout_basic, fiery_altar_vehumet,
          mainiacjoe_overflow_large_starburst, kennysheep_windowed_goal,
          uniq_menkaure
D:5:      layout_loops_ring, minmay_temple_entry_drinking_statues,
          nicolae_ossuary_entry_false_entrances, uniq_duvessa
D:6:      layout_layer_cave, biasface_ghost_orc_armoury,
          minmay_hollow_rounded_squares
D:7:      layout_loops_cross, mainiacjoe_overflow_brackets, zin_treasury,
          grunt_ministairs_12, supply_closet_lemuel, minmay_misc_feat_diagonals
D:8:      layout_loops_cross, enter_bailey_7, st_stairs_7,
          minmay_stone_trees_small, chequers_serial_rivers_small_b
D:9:      layout_basic, mainiacjoe_overflow_chevrons, erik_orc_1, fountainhead,
          minmay_misc_feat_doors, uniq_prince_ribbit1
D:10:     layout_loops_corners, gammafunk_temple_overflow_statue,
          chequers_mini_garden, eino_small_chamber_without_monster,
          serial_park_tiny_2, chequers_hall_statues_corner_a
D:11:     layout_irregular_city, erik_lair_island,
          hellmonk_ghost_happy_afterlife, serial_shops, kennysheep_mini,
          serial_column_ruins, column_ruins_temple_hall, column_ruins_grid_3,
          column_ruins_corridor_straight, column_ruins_columns_straight,
          column_ruins_open_tiny, column_ruins_open_large, wad_floor_pattern_2,
          uniq_erica
D:12:     layout_stronghold, uniq_fannar, uniq_nergalle
D:13:     minmay_the_grid_square_5x5_4x4_mashed
          [minmay_the_grid_square_5x5_tri_point, minmay_the_grid_square_5x5_n,
          minmay_the_grid_square_5x5_broken_cross,
          minmay_the_grid_square_5x5_three_walls,
          minmay_the_grid_square_5x5_minimal,
          minmay_the_grid_square_5x5_prize_pseudospiral,
          minmay_the_grid_square_5x5_prize_gold,
          minmay_the_grid_square_5x5_fancy_junction,
          minmay_the_grid_square_5x5_shrine1,
          minmay_the_grid_square_5x5_prize_open,
          minmay_the_grid_square_5x5_prize_monsterx,
          minmay_the_grid_square_5x5_six, minmay_the_grid_square_5x5_misaligned,
          minmay_the_grid_square_5x5_pentomino_r,
          minmay_the_grid_square_5x5_fat_x,
          minmay_the_grid_square_5x5_doubleslash], layout_irregular_city,
          erik_vaults_2, serial_shops, bzr_entry_customers
D:14:     layout_cave_pools, kennysheep_nondescript
D:15:     hangedman_depths_entry_try_elsewhere_first, layout_cave_pods,
          hangedman_decor_riveting
Lair:1:   layout_gridlike, chequers_serial_rivers_micro_b, lemuel_fruit_fields
Lair:2:   layout_misc_corridors, swamp_mist_pool
Lair:3:   layout_chaotic_city, guppyfry_snake_entry_garden,
          nicolae_quartered_pool_impasse, st_stairs_9
Lair:4:   layout_loops_ring, enter_volcano_3, worms_lemuel, grunt_megastairs_4
Lair:5:   layout_roguey, minmay_slime_entry_jelly_boxes,
          chequers_serial_rivers_micro_b, infiniplex_staircase_pool_2
Lair:6:   gammafunk_lair_ancient_temple, layout_regular_city, uniq_sonja
Swamp:1:  nicolae_swamp_tree_isthmus, layout_basic_swamp,
          evilmike_swamp_ruin_rubble_2
Swamp:2:  layout_basic_swamp, hangedman_swamp_diagram, uniq_roxanne
Swamp:3:  layout_falls_marsh, gammafunk_ghost_wrathful_warriors,
          evilmike_swamp_ruin_house_5, uniq_nikola, uniq_bai_suzhen
Swamp:4:  byrel_swamp_growth_death_and_undeath, layout_basic_swamp,
          nzn_swamp_dancing_lights
Orc:1:    layout_diamond_mine, mines3_lemuel
Orc:2:    grunt_orc_community_town_hall, layout_diamond_mine,
          grunt_orc_community_big_house_2, grunt_orc_community_big_house_1,
          grunt_orc_community_house_1, grunt_orc_community_house_3,
          grunt_orc_community_house_3, grunt_orc_community_house_2,
          grunt_orc_community_house_2, portal_ice_cave_entry_animals_and_master,
          guppyfry_orc_lava_fort

Skill      XL: |  1  2  3  4  5  6  7  8  9 10 11 12 13 14 15 16 17 |
---------------+----------------------------------------------------+-----
Conjurations   | 2 3 4 5 6 9 10 11 12 | 12.0
Air Magic      | 5 6 7 10 | 10.0
Fighting       | 2 4 7 10 11 12 | 12.0
Dodging        | 3 5 7 10 | 10.0
Spellcasting   | 5 7 8 10 | 10.5
Stealth        | 6 8 |  8.0
Shields        | 4 5 9 13 15 | 15.0
Armour         | 5 |  5.0
Axes           | 3 8 10 12 | 12.6
Fire Magic     | 3 4 |  4.0
Poison Magic   | 2 3 |  3.0
Ice Magic      | 5 |  5.0
Transmutations | 1 3 |  3.0
Summonings     | 7 9 |  9.5

Action                   |  1- 3 |  4- 6 |  7- 9 | 10-12 | 13-15 | 16-18 || total
-------------------------+-------+-------+-------+-------+-------+-------++-------
Melee: Short sword       |     7 |    19 |       |       |       |       ||    26
       Kick              |     1 |     3 |    43 |   209 |   310 |   205 ||   771
       Punch             |     1 |       |     4 |     4 |       |       ||     9
       Peck              |       |     3 |    33 |   142 |   212 |   138 ||   528
       Trident           |       |     1 |   169 |     5 |       |       ||   175
       Whip              |       |       |    17 |   225 |     3 |       ||   245
       Broad axe         |       |       |       |   306 |   737 |   412 ||  1455
       Scimitar          |       |       |       |       |       |     7 ||     7
 Fire: Hunting sling     |    55 |    61 |     4 |       |       |       ||   120
 Cast: Shock             |    76 |    86 |    48 |    11 |       |       ||   221
       Static Discharge  |       |    21 |    57 |    29 |       |       ||   107
       Airstrike         |       |       |       |    11 |     9 |       ||    20
       Mephitic Cloud    |       |       |       |    15 |   110 |     9 ||   134
       Swiftness         |       |       |       |     1 |       |       ||     1
       Ignite Poison     |       |       |       |       |    33 |     3 ||    36
       Freezing Cloud    |       |       |       |       |    89 |   101 ||   190
       Lightning Bolt    |       |       |       |       |       |    23 ||    23
       Irradiate         |       |       |       |       |       |    45 ||    45
       Summon Lightning  |       |       |       |       |       |     4 ||     4
Evoke: Wand              |       |       |     8 |     1 |    28 |     2 ||    39
  Use: Scroll            |       |     6 |    12 |     6 |    12 |     9 ||    45
       Potion            |       |       |     2 |     3 |    12 |     5 ||    22
 Stab: Sleeping          |       |       |     1 |    11 |     8 |     3 ||    23
       Confused          |       |       |       |     9 |    29 |     2 ||    40
       Distracted        |       |       |       |     1 |     4 |     2 ||     7
       Paralysed         |       |       |       |       |     4 |       ||     4
       Invisible         |       |       |       |       |     3 |       ||     3
Armor: Robe              |    19 |     6 |     6 |       |       |       ||    31
       Ring mail         |       |       |    23 |       |    81 |       ||   104
       Steam dragon scal |       |       |    12 |    32 |    36 |    51 ||   131
       Troll leather arm |       |       |       |    29 |    17 |       ||    46
       Swamp dragon scal |       |       |       |       |       |    62 ||    62
Dodge: Dodged            |    59 |    34 |   282 |   665 |   754 |   372 ||  2166
Block: Buckler           |       |       |       |    82 |   181 |       ||   263
       Kite shield       |       |       |       |       |   104 |   397 ||   501

Table legend: (Time is in decaauts)
 A = Elapsed time spent in this place.
 B = Non-inter-level travel time spent in this place.
 C = Inter-level travel time spent in this place.
 D = Time resting spent in this place.
 E = Time spent auto-exploring this place.
 F = Levels seen in this place.
 G = Mean time per level.
                   A        B        C        D        E       F      G
               +--------+--------+--------+--------+--------+-----+--------+
         Total |  43988 |  42143 |   1845 |  14115 |  16229 |  31 | 1419.0 |
       Dungeon |  22963 |  21848 |   1115 |   5394 |  11148 |  15 | 1530.9 |
          Lair |   7304 |   6940 |    364 |   1753 |   2557 |   6 | 1217.3 |
         Swamp |   6847 |   6605 |    242 |   4016 |   1110 |   4 | 1711.8 |
  Orcish Mines |   4397 |   4274 |    123 |   2017 |   1161 |   2 | 2198.5 |
        Bazaar |    211 |    211 |      0 |     10 |     91 |   1 |  211.0 |
       Ossuary |    619 |    619 |      0 |    281 |    132 |   1 |  619.0 |
        Bailey |    787 |    787 |      0 |    459 |      0 |   1 |  787.0 |
       Volcano |    857 |    857 |      0 |    183 |     28 |   1 |  857.0 |
               +--------+--------+--------+--------+--------+-----+--------+

Top non-repeatable levels by time:
 Swamp:3: 3159 daAuts
    D:13: 3040 daAuts
   Orc:1: 2336 daAuts
     D:9: 2106 daAuts
   Orc:2: 2060 daAuts
     D:4: 2028 daAuts
 Swamp:1: 1876 daAuts
  Lair:4: 1746 daAuts
     D:3: 1708 daAuts
    D:15: 1689 daAuts
     D:6: 1649 daAuts
     D:5: 1584 daAuts
  Lair:6: 1492 daAuts
  Lair:5: 1392 daAuts
    D:10: 1335 daAuts
